 Dungeon Crawl Stone Soup version 0.19.4-8-ga85b6b9 (webtiles) character file.

53 protoss039 the Conjurer (level 3, -1/19 HPs)
             Began as a Deep Elf Conjurer on Feb 13, 2017.
             Killed from afar by a dart slug (7 damage)
             ... with a slug dart
             ... on level 1 of the Dungeon.
             The game lasted 00:05:41 (1103 turns).

protoss039 the Conjurer (Deep Elf Conjurer)         Turns: 1103, Time: 00:05:42

Health: -1/19      AC:  4    Str:  5    XL:     3   Next: 62%
Magic:  2/10       EV: 13    Int: 20    God:
Gold:   86         SH:  0    Dex: 15    Spells: 2 memorised, 6 levels left

rFire  . . .     SeeInvis .     e - +0 dagger
rCold  . . .     Gourm    .     a - +0 robe
rNeg   . . .     Faith    .     (no shield)
rPois  .         Spirit   .     l - +1 helmet
rElec  .         Reflect  .     (no cloak)
rCorr  .         Harm     .     (no gloves)
MR     .....                    (no boots)
Stlth  ++........               (no amulet)
                                (no ring)
                                (no ring)

@: no status effects
A: no striking features
a: no special abilities


You were on level 1 of the Dungeon.
You were hungry.

You visited 1 branch of the dungeon, and saw 2 of its levels.

You collected 86 gold pieces.

Inventory:

Hand Weapons
 e - a +0 dagger (weapon)
Armour
 a - a +0 robe (worn)
 l - a +1 helmet (worn)
Jewellery
 g - a +3 amulet of reflection {unknown}
 p - an uncursed amulet of rage {unknown}
 q - an uncursed ring of see invisible {unknown}
Scrolls
 i - a scroll of teleportation
 j - 2 scrolls of identify {unknown}
 n - a scroll of enchant armour {unknown}
 o - a scroll of fear {unknown}
Potions
 h - a potion of heal wounds {unknown}
 k - a potion of curing
 m - a potion of brilliance {unknown}
 r - a potion of agility {unknown}
Books
 b - a book of Conjurations

   Spells                             Type                      Level
   a - Magic Dart                     Conjuration                  1
   b - Searing Ray                    Conjuration                  2
   c - Dazzling Spray                 Conjuration/Hexes            3
   d - Fulminant Prism                Conjuration/Hexes            4
   e - Iskenderun's Mystic Blast      Conjuration                  4
   f - Iskenderun's Battlesphere      Conjuration/Charms           5
Comestibles
 c - a bread ration
 d - a meat ration
 f - 2 chunks of flesh


   Skills:
 - Level 2.4 Dodging
 + Level 2.5 Stealth
 + Level 3.7 Spellcasting
 + Level 5.5 Conjurations


You had 6 spell levels left.
You knew the following spells:

 Your Spells              Type           Power        Failure   Level  Hunger
a - Magic Dart            Conj           ####         1%          1    None
b - Searing Ray           Conj           ####..       2%          2    ##.....


Dungeon Overview and Level Annotations

Branches:
Dungeon (2/15)

Altars:


Message History

Unknown command.
Casting: Searing Ray
Confirm with . or Enter, or press ? or * to list all spells.
Aiming: Searing Ray
Press: ? - help, Shift-Dir - straight line, f/p - goblin
Aim: a goblin, wielding a dagger (severely wounded)
The searing ray hits the goblin.
You kill the goblin! (Press . to maintain the ray.)
The goblin closely misses you. The ooze hits you but does no damage.
The dart slug launches a dart at you. The slug dart hits you!
* * * LOW HITPOINT WARNING * * *
The goblin hits you but does no damage.
Things that are here:
a dagger; a goblin corpse The goblin barely misses you.
The dart slug launches a dart at you. The slug dart hits you!
You die...

#....########........
#...)).######........
#...##.....##........
##########.##........
######..w..##.######
#...................
##............##..##
######............###...
#......@Jg......#....##.
#.#####.#.......####..#.
###.# #.#.###.#..####.##
#...# #.#.###.#.........
#.#.# #.......#.........
#.#.#######..#####.......)
#.#...........####........
#.#.......###...##........
#.........#.###...........


You could see an ooze, a dart slug and a goblin.

Vanquished Creatures
  Ijyb (D:2)
  A leopard gecko (D:1)
  A ball python (D:2)
  3 bats
  4 giant cockroaches
  5 goblins
  A hobgoblin (D:1)
  A frilled lizard (D:2)
  4 kobolds (D:1)
  6 rats (D:1)
27 creatures vanquished.

Notes
Turn   | Place    | Note
-------+----------+-------------------------------------------
     0 | D:1      | protoss039 the Deep Elf Conjurer began the quest for the Orb.
     0 | D:1      | Reached XP level 1. HP: 10/10 MP: 6/6
   162 | D:1      | Reached XP level 2. HP: 11/15 MP: 2/8
   176 | D:1      | Learned a level 2 spell: Searing Ray
   271 | D:1      | Reached skill level 5 in Conjurations
   793 | D:2      | Noticed Ijyb
   810 | D:2      | Killed Ijyb
   810 | D:2      | Reached XP level 3. HP: 11/19 MP: 0/10
  1103 | D:1      | Killed from afar by a dart slug

Skill      XL: |  1  2 |
---------------+-------+-----
Conjurations   | 5 |  5.5
Dodging        | |  2.4
Stealth        | |  2.5
Spellcasting   | |  3.7

Action                   || total
-------------------------++-------
Melee: Unarmed           ||     2
       Dagger            ||    22
 Cast: Magic Dart        ||    53
       Searing Ray       ||    12
  Use: Scroll            ||     2
Armor: Robe              ||    18
Dodge: Dodged            ||    38
